 Dungeon Crawl Stone Soup version 0.30-a0-857-gcaf70739d4 (webtiles) character file.

Game seed: 103299674305098688

46 jimonade the Magician (level 3, 0/28 HPs)
             Began as a Djinni Warper on Mar 5, 2023.
             Slain by a worm (9 damage)
             ... on level 2 of the Dungeon.
             The game lasted 00:03:27 (1238 turns).

jimonade the Magician (Djinni Warper)               Turns: 1238, Time: 00:03:28

Health: 0/28       AC:  3    Str: 12    XL:     3   Next: 95%
Gold:   115        EV: 11    Int: 14    God:
                   SH:  0    Dex: 12

rFire   + + .      SeeInvis .    a - +0 short sword
rCold   x . .      Faith    .    (no shield)
rNeg    . . .      Spirit   .    b - +0 leather armour
rPois   ∞          Reflect  .    (no helmet)
rElec   .          Rampage  .    (no cloak)
rCorr   .                        (no gloves)
Will    +....                    (boots unavailable)
Stlth   +                        (no amulet)
HPRegen 0.24/turn                j - ring of willpower
MPRegen 0.00/turn                (no ring)

@: flying
A: sickness immunity, fire resistance 2, cold vulnerability 1, float, innate
caster, HP casting, extra vitality 1
a: no special abilities


You were on level 2 of the Dungeon.
You visited 1 branch of the dungeon, and saw 2 of its levels.

You collected 115 gold pieces.

Inventory:

Hand Weapons
 a - a +0 short sword (weapon)
 g - a +0 mace
Missiles
 d - 7 boomerangs of dispersal (quivered)
 i - 10 poisoned darts
Armour
 b - a +0 leather armour (worn)
Jewellery
 j - a ring of willpower (left hand)
Scrolls
 c - a scroll of blinking
 e - 4 scrolls of enchant weapon {unknown}
 f - 3 scrolls of identify {unknown}
 k - a scroll of silence {unknown}
Potions
 h - 2 potions of flight {unknown}
 l - a potion of resistance {unknown}
 m - 2 potions of degeneration {unknown}
 n - a potion of curing {unknown}
 o - a potion of lignification {unknown}


   Skills:
 + Level 2.1 Fighting
 + Level 2.1 Short Blades
 + Level 0.7 Throwing
 + Level 1.4 Armour
 + Level 2.2 Dodging
 + Level 0.3 Stealth
 * Level 3.2 Spellcasting


You knew the following spells:

 Your Spells              Type           Power      Damage    Failure   Level
a - Blink                 Tloc           22%        N/A       11%         2
b - Lesser Beckoning      Tloc           22%        N/A       11%         2
c - Vhi's Electric Charg  Tloc/Air       22%        N/A       22%         3
d - Teleport Other        Tloc           11%        N/A       22%         3
e - Manifold Assault      Tloc           11%        N/A       56%         4
f - Slow                  Hex            44%        N/A       7%          1
Your spell library was empty.

Dungeon Overview and Level Annotations

Branches:
Dungeon (2/15)

Altars:

Shops:
D:1 =(


Innate Abilities, Weirdness & Mutations

You are immune to sickness and miasma.
You are immune to poison.
Your flesh is very heat resistant. (rF++)
You are vulnerable to cold. (rC-)
You float through the air rather than walking.
You learn spells naturally, not from books.
Your magical power is your life essence.
You have superior vitality. (+4 MHP)


Message History

The dart slug launches a dart at you. The slug dart misses you.
You hit the dart slug.
The dart slug is severely wounded.
The dart slug launches a dart at you. The slug dart hits you.
You hit the dart slug but do no damage.
The dart slug is severely wounded.
You hit the dart slug.
You kill the dart slug!
The worm closely misses you.
You see here a dart slug corpse.
You barely miss the worm. You hit the worm.
The worm is moderately wounded.
The worm bites you.
You hit the worm.
The worm is moderately wounded.
The worm barely misses you.
You hit the worm but do no damage.
The worm is lightly wounded.
You hit the worm.
The worm is moderately wounded.
The worm bites you!
You hit the worm but do no damage.
The worm is moderately wounded.
You hit the worm.
The worm is heavily wounded.
The worm barely misses you.
You hit the worm.
The worm is severely wounded.
You hit the worm but do no damage.
The worm is severely wounded.
The worm bites you!
You hit the worm.
The worm is severely wounded.
You hit the worm but do no damage.
The worm is severely wounded.
The worm bites you!
You die...

#.##.#.#..#.#..#.#
#.##.#.####.##'#.#
#.##.#...........#
#.##.#.####.##'#.#
#.####.#..+.+..#.#
#.####.#÷.#.#..#.#
#....#.#'##.####.#
###.##w........†.#
#)##@#'##.####.#
#.##.#..+.+ #.#
#.##.#..#.# #.#
#.##.####.## #.#
#........... ..#
############ ###


You could see a worm.

Vanquished Creatures
  An adder (D:2)
  2 dart slugs
  6 endoplasms
  3 giant cockroaches
  2 goblins
  4 hobgoblins
  A kobold (D:1)
  2 quokkas (D:1)
  2 ball pythons
  A bat (D:2)
  3 frilled lizards
  3 rats (D:1)
30 creatures vanquished.

Notes
Turn   | Place    | Note
-------+----------+-------------------------------------------
     0 | D:1      | jimonade the Djinni Warper began the quest for the Orb.
     0 | D:1      | jimonade set off with the following spells memorised:
                  | Blink, Lesser Beckoning, Vhi's Electric Charge, Teleport
                  | Other, Manifold Assault.
     0 | D:1      | Reached XP level 1. HP: 18/18 MP: 0/0
    80 | D:1      | Found Rudanor's Weapon Shoppe.
   227 | D:1      | Reached XP level 2. HP: 22/23 MP: 0/0
   347 | D:1      | Reached skill level 3 in Spellcasting
   420 | D:1      | Found Qusodd's Jewellery Boutique.
   824 | D:1      | Reached XP level 3. HP: 28/28 MP: 0/0
   824 | D:1      | Learned a level 1 spell: Slow
  1238 | D:2      | Slain by a worm

Illustrated notes

Levels and vault maps discovered:
D:1:      dpeg_arrival_prison, layout_rooms, serial_shops, nicolae_diamond_shop,
          shop, minmay_pentomino_q4
D:2:      minmay_door_path, layout_rooms, item_on_display_a

Skill      XL: |  1  2  3 |
---------------+----------+-----
Spellcasting   | 3 |  3.2
Short Blades   | 2 |  2.1
Fighting       | |  2.1
Throwing       | |  0.7
Armour         | |  1.4
Dodging        | |  2.2
Stealth        | |  0.3

Action                     || total
---------------------------++-------
  Melee: Short sword       ||   150
         Punch             ||     2
   Stab: Sleeping          ||     2
 Armour: Leather armour    ||    32
  Dodge: Dodged            ||    71

Table legend: (Time is in decaauts)
 A = Elapsed time spent in this place.
 B = Non-inter-level travel time spent in this place.
 C = Inter-level travel time spent in this place.
 D = Time resting spent in this place.
 E = Time spent auto-exploring this place.
 F = Levels seen in this place.
 G = Mean time per level.
                   A        B        C        D        E       F      G
               +--------+--------+--------+--------+--------+-----+--------+
         Total |   1224 |   1175 |     49 |     14 |    782 |   2 |  612.0 |
       Dungeon |   1224 |   1175 |     49 |     14 |    782 |   2 |  612.0 |
               +--------+--------+--------+--------+--------+-----+--------+

Top non-repeatable levels by time:
     D:1: 893 daAuts
     D:2: 330 daAuts
